 Dungeon Crawl Stone Soup version 0.28-a0-1493-g08698888e4 (webtiles) character file.

Game seed: 16681332783988648394

1509 a3don the Chiller (level 8, -4/53 (59) HPs)
             Began as a Gnoll Ice Elementalist on Jan 13, 2022.
             Slain by a wight (6 damage)
             ... on level 6 of the Dungeon.
             The game lasted 00:16:39 (7007 turns).

a3don the Chiller (Gnoll Ice Elementalist)          Turns: 7007, Time: 00:16:41

HP:   -4/53 (59)    AC:  2    Str:  8    XL:     8   Next: 83%
MP:   17/17         EV: 14    Int: 16    God:
Gold: 263           SH:  0    Dex: 13    Spells: 8/19 levels left

rFire   . . .      SeeInvis .   x - +2 long sword (holy)
rCold   + . .      Faith    .   (no shield)
rNeg    . . .      Spirit   .   a - +0 robe
rPois   +          Reflect  .   (no helmet)
rElec   .          Harm     .   (no cloak)
rCorr   .          Rampage  .   (no gloves)
Will    .....                   (no boots)
Stlth   +++.......              k - amulet of the acrobat
HPRegen 0.17/turn               i - ring of poison resistance
MPRegen 0.15/turn               v - ring of protection from cold

@: heavily drained
A: fangs 1, strong nose, distributed training
a: no special abilities


You were on level 6 of the Dungeon.
You visited 1 branch of the dungeon, and saw 6 of its levels.

You collected 263 gold pieces.

Inventory:

Hand Weapons
 d - a +0 dagger
 e - a +0 short sword
 q - a +0 halberd
 r - a +0 spear
 t - a +0 hand axe
 u - a +0 flail
 w - a +1 dagger of venom
 x - a +2 long sword of holy wrath (weapon)
 B - a +0 flail of protection
 D - a +0 hunting sling
 F - a +3 flail of freezing
Missiles
 b - 150 stones
 y - 6 boomerangs (quivered)
Armour
 a - a +0 robe (worn)
 j - a +0 leather armour
 s - an orb of wrath
Magical Staves
 A - a staff of air
Jewellery
 i - a ring of poison resistance (left hand)
 k - an amulet of the acrobat (around neck)
 p - an amulet of faith
 v - a ring of protection from cold (right hand)
Wands
 E - a wand of flame (11)
Scrolls
 m - 2 scrolls of identify
 z - a scroll of magic mapping {unknown}
Potions
 c - 2 potions of heal wounds {unknown}
 f - 2 potions of attraction
 g - a potion of flight {unknown}
 h - 2 potions of lignification {unknown}
 l - a potion of degeneration {unknown}
 n - a potion of haste {unknown}
 o - a potion of curing {unknown}
 C - a potion of invisibility {unknown}


   Skills:
 + Level 3.6 Fighting
 + Level 3.6 Short Blades
 + Level 3.6 Long Blades
 + Level 3.6 Axes
 + Level 3.6 Maces & Flails
 + Level 3.6 Polearms
 + Level 3.6 Staves
 + Level 3.6 Slings
 + Level 3.6 Bows
 + Level 3.6 Crossbows
 + Level 3.6 Throwing
 + Level 3.6 Armour
 + Level 5.9 Dodging
 + Level 5.6 Stealth
 + Level 3.6 Shields
 + Level 3.6 Unarmed Combat
 + Level 6.2 Spellcasting
 + Level 3.0 Conjurations
 + Level 3.0 Hexes
 + Level 3.0 Summonings
 + Level 3.0 Necromancy
 + Level 3.0 Translocations
 + Level 3.0 Transmutations
 + Level 3.0 Fire Magic
 + Level 7.7 Ice Magic
 + Level 3.0 Air Magic
 + Level 3.0 Earth Magic
 + Level 3.0 Poison Magic
 + Level 4.0 Invocations
 + Level 3.6 Evocations


You had 8 spell levels left.
You knew the following spells:

 Your Spells              Type           Power      Damage    Failure   Level
a - Freeze                Ice            100%       1d11      1%          1
b - Frozen Ramparts       Ice            58%        1d7       1%          3
c - Ozocubu's Armour      Ice            29%        N/A       1%          3
d - Hailstorm             Conj/Ice       22%        3d7       14%         4

Your spell library contained the following spells:

 Spells                   Type           Power      Damage    Failure   Level


Dungeon Overview and Level Annotations

Branches:
Dungeon (6/15)
 Temple: D:4-7

Altars:
The Shining One

Shops:
D:1 :   D:2 =

Annotations:
D:4 2 transporters, iamoutofideas's ghost, amateur GnWr
D:5 Grinder


Innate Abilities, Weirdness & Mutations

You have very sharp teeth.
Your uncanny sense of smell can sniff out nearby items.
Your experience applies equally to all skills.


Message History

Your Invocations skill increases to level 4!
Things that are here:
a +3 flail of freezing; a +0 robe
F - a +3 flail of freezing
There is a stone staircase leading down here.
You climb downwards.
You hear the hiss of flowing sand.
There is an entrance to an ossuary on this level.
Hurry and find it before the portal is buried!
The hound bites you. The hound bites you but does no damage.
The wight hits you from afar with a +3 halberd.
You feel drained.
There is a stone staircase leading up, spattered with blood here.
You slash the hound! Your bite misses the hound.
The hound is moderately wounded.
The hound barely misses you.
The wight hits you from afar with a +3 halberd!!
You feel drained. The hound misses you.
A troll and a manticore come into view.
The hound closely misses you. The wight misses you.
The wight completely misses you.
The troll moves out of view.
Things that are here:
a +0 robe; a +3 halberd You closely miss the wight.
The hound bites you but does no damage.
The wight hits you with a +3 dire flail of freezing!
You feel drained. The wight freezes you.
* * * LOW HITPOINT WARNING * * *
The wight completely misses you. The hound barely misses you.
You slash the wight!
The wight convulses.
The wight is severely damaged.
The hound bites you.
* * * LOW HITPOINT WARNING * * *
The wight closely misses you. The wight misses you. The hound bites you.
* * * LOW HITPOINT WARNING * * *
You hit the wight.
The wight convulses.
Your punch misses the wight.
The wight is almost destroyed.
The hound bites you.
* * * LOW HITPOINT WARNING * * *
The wight closely misses you. The wight barely misses you.
The hound misses you. The wight hits you with a +3 halberd.
You die...

∆ . #. ∆
#..########
........$.#
...H....[.#
.......z@.#
...##..zh<#
∆ ####### ∆


You could see a manticore, a hound and 2 wights.

Vanquished Creatures
  Prince Ribbit (D:5)
  Edmund (D:5)
  A water moccasin (D:5)
  A black bear (D:4)
  2 ice beasts (D:5)
  A necrophage (D:5)
  An ogre (D:4)
  A wyvern zombie (D:5)
  A water moccasin skeleton (D:4)
  3 wights
  2 hounds
  A gnoll shaman (D:4)
  An orc wizard (D:4)
  2 iguanas
  Ijyb (D:5)
  A hound skeleton (D:4)
  7 gnolls
  6 adders
  A white imp (D:5)
  2 dart slugs
  11 orcs
  8 ball pythons
  13 endoplasms
  3 giant cockroaches
  8 goblins
  6 hobgoblins
  5 jackals
  4 quokkas
  3 bats
  6 frilled lizards
  6 kobolds
  7 rats
117 creatures vanquished.

Vanquished Creatures (others)
  2 fungi (D:2)
  3 plants
5 creatures vanquished.

Grand Total: 122 creatures vanquished

Notes
Turn   | Place    | Note
-------+----------+-------------------------------------------
     0 | D:1      | a3don the Gnoll Ice Elementalist began the quest for the
                  | Orb.
     0 | D:1      | Reached XP level 1. HP: 13/13 MP: 6/6
   482 | D:1      | Reached XP level 2. HP: 12/19 MP: 3/7
   723 | D:1      | Found Panah's Book Boutique.
  1188 | D:2      | Found a faded altar of an unknown god.
  1342 | D:2      | Reached XP level 3. HP: 25/25 MP: 9/9
  1357 | D:2      | Learned a level 3 spell: Frozen Ramparts
  1361 | D:2      | Learned a level 3 spell: Ozocubu's Armour
  1454 | D:2      | Reached skill level 5 in Spellcasting
  1650 | D:2      | Found Hatzu's Jewellery Boutique.
  1856 | D:2      | Reached skill level 1 in Invocations
  2480 | D:3      | Reached skill level 1 in Fighting
  2480 | D:3      | Reached skill level 1 in Short Blades
  2480 | D:3      | Reached skill level 1 in Long Blades
  2480 | D:3      | Reached skill level 1 in Axes
  2480 | D:3      | Reached skill level 1 in Maces & Flails
  2480 | D:3      | Reached skill level 1 in Polearms
  2480 | D:3      | Reached skill level 1 in Staves
  2480 | D:3      | Reached skill level 1 in Slings
  2480 | D:3      | Reached skill level 1 in Bows
  2480 | D:3      | Reached skill level 1 in Crossbows
  2480 | D:3      | Reached skill level 1 in Throwing
  2480 | D:3      | Reached skill level 1 in Armour
  2480 | D:3      | Reached skill level 1 in Shields
  2480 | D:3      | Reached skill level 1 in Unarmed Combat
  2480 | D:3      | Reached skill level 1 in Evocations
  2695 | D:3      | Found a glowing golden altar of the Shining One.
  2716 | D:3      | Reached XP level 4. HP: 32/32 MP: 4/11
  2805 | D:3      | Reached skill level 1 in Conjurations
  2805 | D:3      | Reached skill level 1 in Hexes
  2805 | D:3      | Reached skill level 1 in Summonings
  2805 | D:3      | Reached skill level 1 in Necromancy
  2805 | D:3      | Reached skill level 1 in Translocations
  2805 | D:3      | Reached skill level 1 in Transmutations
  2805 | D:3      | Reached skill level 1 in Fire Magic
  2805 | D:3      | Reached skill level 1 in Air Magic
  2805 | D:3      | Reached skill level 1 in Earth Magic
  2805 | D:3      | Reached skill level 1 in Poison Magic
  3077 | D:3      | Reached XP level 5. HP: 37/37 MP: 10/12
  3884 | D:4      | Noticed a black bear
  3885 | D:4      | Noticed an ogre
  3894 | D:4      | Killed an ogre
  3895 | D:4      | Reached skill level 5 in Dodging
  3895 | D:4      | Reached XP level 6. HP: 34/44 MP: 4/14
  3900 | D:4      | Killed a black bear
  4079 | D:4      | Reached XP level 7. HP: 46/50 MP: 15/15
  4453 | D:4      | Noticed iamoutofideas's ghost (amateur GnWr)
  4606 | D:4      | Found a transporter.
  4613 | D:4      | Found a transporter.
  5160 | D:5      | Entered Level 5 of the Dungeon
  5160 | D:5      | Noticed Edmund
  5166 | D:5      | Killed Edmund
  5167 | D:5      | Reached skill level 5 in Stealth
  5278 | D:5      | Noticed Prince Ribbit
  5296 | D:5      | Killed Prince Ribbit
  5297 | D:5      | Reached XP level 8. HP: 58/58 MP: 13/16
  5413 | D:5      | Noticed Grinder
  5416 | D:5      | Paralysed by Grinder for 5 turns
  5433 | D:5      | Paralysed by Grinder for 3 turns
  6111 | D:5      | Learned a level 4 spell: Hailstorm
  6916 | D:5      | Noticed Ijyb
  6933 | D:5      | Killed Ijyb
  7004 | D:6      | Noticed a troll
  7004 | D:6      | Noticed a manticore
  7007 | D:6      | HP: 2/53 [hound (5)]
  7007 | D:6      | Slain by a wight

Illustrated notes

Levels and vault maps discovered:
D:1:      minmay_arrival_plants_in_alcoves, layout_basic, serial_shops,
          nicolae_square_shop
D:2:      minmay_angry_zag, layout_basic, serial_shops,
          nicolae_shop_competitors_out_of_business,
          shapermc_ecumenical_altar_mp_ritualfount, nrook_campfire
D:3:      layout_loops_corners, mainiacjoe_overflow_paths, serial_forest,
          infiniplex_forest_straight_3, infiniplex_forest_straight_5,
          infiniplex_forest_corner_1, infiniplex_forest_clump_small,
          infiniplex_forest_clump_curved, infiniplex_forest_straight_2,
          infiniplex_forest_zigzag_1
D:4:      minmay_spotlight, layout_basic, gammafunk_ghost_arena, minmay_ruptured
D:5:      layout_basic, uniq_prince_ribbit1, uniq_ijyb, uniq_edmund,
          uniq_grinder
D:6:      minmay_chambers_of_fours, layout_gridville,
          chequers_ossuary_entry_cave, nicolae_water_bricks, minmay_manual_mess

Skill      XL: |  1  2  3  4  5  6  7  8 |
---------------+-------------------------+-----
Spellcasting   | 5 6 |  6.2
Invocations    | 1 2 3 4 |  4.0
Fighting       | 1 2 3 |  3.6
Short Blades   | 1 2 3 |  3.6
Long Blades    | 1 2 3 |  3.6
Axes           | 1 2 3 |  3.6
Maces & Flails | 1 2 3 |  3.6
Polearms       | 1 2 3 |  3.6
Staves         | 1 2 3 |  3.6
Slings         | 1 2 3 |  3.6
Bows           | 1 2 3 |  3.6
Crossbows      | 1 2 3 |  3.6
Throwing       | 1 2 3 |  3.6
Armour         | 1 2 3 |  3.6
Shields        | 1 2 3 |  3.6
Unarmed Combat | 1 2 3 |  3.6
Evocations     | 1 2 3 |  3.6
Conjurations   | 1 2 3 |  3.0
Hexes          | 1 2 3 |  3.0
Summonings     | 1 2 3 |  3.0
Necromancy     | 1 2 3 |  3.0
Translocations | 1 2 3 |  3.0
Transmutations | 1 2 3 |  3.0
Fire Magic     | 1 2 3 |  3.0
Air Magic      | 1 2 3 |  3.0
Earth Magic    | 1 2 3 |  3.0
Poison Magic   | 1 2 3 |  3.0
Dodging        | 5 |  5.9
Stealth        | 5 |  5.6
Ice Magic      | |  7.7

Action                   |  1- 3 |  4- 6 |  7- 9 || total
-------------------------+-------+-------+-------++-------
Melee: Unarmed           |     3 |       |       ||     3
       Bite              |     5 |     8 |    19 ||    32
       Short sword       |    55 |    26 |       ||    81
       Punch             |     2 |       |     3 ||     5
       Hand axe          |       |    17 |       ||    17
       Flail             |       |    20 |     4 ||    24
       Dagger            |       |       |   112 ||   112
       Long sword        |       |       |    23 ||    23
Throw: Stone             |     6 |     2 |     1 ||     9
       Boomerang         |       |       |     5 ||     5
 Cast: Freeze            |    26 |     8 |     7 ||    41
       Frozen Ramparts   |     5 |     6 |     9 ||    20
       Ozocubu's Armour  |     1 |     3 |     8 ||    12
  Use: Scroll            |       |       |     1 ||     1
 Stab: Sleeping          |     6 |     3 |     5 ||    14
       Distracted        |       |       |     1 ||     1
Armor: Robe              |    12 |    13 |    26 ||    51
Dodge: Dodged            |    52 |    50 |    94 ||   196

Table legend: (Time is in decaauts)
 A = Elapsed time spent in this place.
 B = Non-inter-level travel time spent in this place.
 C = Inter-level travel time spent in this place.
 D = Time resting spent in this place.
 E = Time spent auto-exploring this place.
 F = Levels seen in this place.
 G = Mean time per level.
                   A        B        C        D        E       F      G
               +--------+--------+--------+--------+--------+-----+--------+
         Total |   7009 |   6876 |    133 |   1176 |   4647 |   6 | 1168.2 |
       Dungeon |   7009 |   6876 |    133 |   1176 |   4647 |   6 | 1168.2 |
               +--------+--------+--------+--------+--------+-----+--------+

Top non-repeatable levels by time:
     D:4: 1771 daAuts
     D:3: 1642 daAuts
     D:5: 1459 daAuts
     D:1: 1147 daAuts
     D:2: 973 daAuts
     D:6: 14 daAuts
